 Dungeon Crawl Stone Soup version 0.24-a0-429-g4608c8fa30 (webtiles) character file.

Game seed: 7894716013927203555

3107 ivs the Covert (level 9, -7/51 HPs)
             Began as a Vine Stalker Enchanter on June 13, 2019.
             Was a Believer of Okawaru.
             Mangled by a hell rat (13 damage)
             ... summoned by a deep elf mage
             ... on level 9 of the Dungeon.
             The game lasted 00:53:52 (3976 turns).

ivs the Covert (Vine Stalker Enchanter)             Turns: 3976, Time: 00:53:53

Health: -7/51      AC: 12    Str: 11    XL:     9   Next: 90%
Magic:  0/14       EV: 10    Int: 16    God:    Okawaru [**....]
Gold:   215        SH:  0    Dex: 21    Spells: 5/14 levels left

rFire    . . .     SeeInvis .   a - +1 dagger
rCold    . . .     Gourm    .   (no shield)
rNeg     . . .     Faith    +   A - +3 ring mail of Tomik {Dex+4}
rPois    .         Spirit   +   x - +2 helmet
rElec    .         Reflect  .   e - +0 cloak
rCorr    .         Harm     .   (no gloves)
MR       +....                  (no boots)
Stlth    +++++.....             n - amulet of faith
HPRegen  0.57/turn              c - ring of wizardry
MPRegen  0.14/turn              o - ring of stealth

@: lightly drained
A: fangs 3, blurry vision 1, regeneration 1, robust 1, magic shield, antimagic
bite, no potion heal 3, rot immunity, MP-powered wands
a: Heroism, Renounce Religion


You were on level 9 of the Dungeon.
You worshipped Okawaru.
Okawaru was pleased with you.
You were near starving.

You visited 2 branches of the dungeon, and saw 10 of its levels.

You collected 264 gold pieces.
You spent 49 gold pieces at shops.

Inventory:

Hand Weapons
 a - a +1 dagger (weapon)
 b - a +0 hunting sling
 i - a +0 rapier
 p - a +3 scimitar of flaming
Missiles
 g - 43 bolts
Armour
 e - a +0 cloak (worn)
 l - a +2 robe of resistance
 x - a +2 helmet (worn)
 A - the +3 ring mail of Tomik (worn) {Dex+4}
   (You found it on level 7 of the Dungeon)

   It affects your dexterity (+4).
Magical Staves
 y - an uncursed staff of death {unknown}
Jewellery
 c - a ring of wizardry (left hand)
 n - an amulet of faith (around neck)
 o - a ring of stealth (right hand)
 z - an uncursed amulet of the gourmand {unknown}
Wands
 q - a wand of iceblast (10)
 s - a wand of random effects (10)
 t - a wand of paralysis (5)
 v - a wand of flame (16)
Scrolls
 k - a scroll of fear
 m - 5 scrolls of remove curse
 u - 2 scrolls of immolation
 w - a scroll of enchant weapon
 B - 2 scrolls of magic mapping
 C - a scroll of teleportation
Potions
 f - 3 potions of brilliance
 h - a potion of curing
 r - 2 potions of flight
Comestibles
 d - 11 rations


   Skills:
 - Level 5.4(4.8) Fighting
 + Level 6.3(5.7) Short Blades
 + Level 1.7(1.2) Dodging
 + Level 9.7(9.0) Stealth
 - Level 3.1(2.6) Spellcasting
 + Level 6.6(6.0) Hexes
 - Level 2.5(1.9) Ice Magic


You had 5 spell levels left.
You knew the following spells:

 Your Spells              Type           Power        Failure   Level  Hunger
a - Corona                Hex            ###....      1%          1    #......
b - Ensorcelled Hibernat  Hex/Ice        ##....       6%          2    ##.....
c - Confuse               Hex            ###.....     4%          3    ###....
d - Tukima's Dance        Hex            ###.....     4%          3    ###....

Your spell library contained the following spells:

 Spells                   Type           Power        Failure   Level  Hunger
 Dazzling Spray           Conj/Hex       ##....       16%         3    ###....


Dungeon Overview and Level Annotations

Branches:
Dungeon (9/15)             Temple (1/1) D:7
   Lair: D:8-11         Orc: D:9-12

Altars:
Elyvilon
Hepliaklqana
Kikubaaqudgha
Nemelex Xobeh
Okawaru
Ru
Sif Muna
Trog
Uskayaw
Yredelemnul
The Shining One

Shops:
D:4 *

Annotations:
D:7 Dowan
D:9 Maurice


Innate Abilities, Weirdness & Mutations

You have razor-sharp teeth.
Your natural rate of healing is unusually fast.
When hurt, damage is shared between your health and your magic reserves.
Your bite disrupts and absorbs the magic of your enemies.
Potions cannot restore your health.
You are immune to rotting.
Scrolls take you a little longer to read.
You are robust. (+10% HP)
You expend magic power (3 MP) to strengthen your wands.


Message History

* * * LOW HITPOINT WARNING * * *
You feel sick. The hound bites you but does no damage.
The hell rat closely misses you. The hound closely misses you.
You feel sick.
You feel like a meek peon again. The hound completely misses you.
The hound bites you but does no damage.
You feel sick. The hound bites you but does no damage.
You feel sick. The hound bites you but does no damage.
Found a leather armour.
The hound bites you but does no damage.
Found 5 gold pieces.
Your magical contamination has completely faded away.
You feel sick.
You are no longer poisoned.
The hell rat disappears in a puff of smoke!
The hell rat bites you!
You die...

#. ########## #.
.........# #. .........#
#. #######..# #.
......#..###### ##
.e....#.......#
###'''#.......##########
..#......h.r@....$..
#......ยง##).......
#.......##........
#.......##....[...
#.......##........
#.########........
#######.# #........
........# #........
#....####


You could see a hell rat and a hound.

Vanquished Creatures
  Erica (D:8)
  2 wyverns
  Eustachio (D:4)
  A water moccasin (D:7)
  Duvessa (D:7)
  2 ice beasts
  4 ogres
  3 centaurs
  A wyvern skeleton (D:9)
  2 scorpions
  2 howler monkeys (D:4)
  A centaur zombie (D:7)
  3 crimson imps
  A bullfrog zombie (D:7)
  A jelly (D:5)
  2 hounds
  An orc priest (D:5)
  5 orc wizards
  A bullfrog skeleton (D:4)
  Jessica (D:2)
  3 iguanas
  Terence (D:2)
  3 worker ants
  A killer bee zombie (D:9)
  2 howler monkey skeletons
  11 adders
  2 shadow imps
  4 oozes
  2 adder skeletons
  An adder zombie (D:6)
  2 worms
  A dart slug (D:2)
  A leopard gecko (D:7)
  14 orcs
  4 bats
  4 giant cockroaches
  2 goblins
  5 hobgoblins
  6 jackals
  2 quokkas
  2 ball pythons
  6 frilled lizards
  7 kobolds
  2 rats
124 creatures vanquished.

Vanquished Creatures (collateral kills)
  An ogre (D:8)
1 creature vanquished.

Grand Total: 125 creatures vanquished

Notes
Turn   | Place    | Note
-------+----------+-------------------------------------------
     0 | D:1      | ivs the Vine Stalker Enchanter began the quest for the Orb.
     0 | D:1      | Reached XP level 1. HP: 9/9 MP: 4/4
    95 | D:1      | Reached skill level 1 in Short Blades
   255 | D:2      | Reached XP level 2. HP: 12/13 MP: 6/6
   263 | D:2      | Learned a level 2 spell: Ensorcelled Hibernation
   406 | D:2      | Reached skill level 1 in Ice Magic
   406 | D:2      | Reached XP level 3. HP: 9/16 MP: 7/7
   444 | D:2      | Noticed Terence
   465 | D:2      | Reached skill level 4 in Stealth
   478 | D:1      | Gained mutation: Scrolls take you a little longer to read.
                  | [potion of mutation]
   478 | D:1      | Gained mutation: You are robust. (+10% HP) [potion of
                  | mutation]
   478 | D:1      | Gained mutation: You expend magic power (3 MP) to
                  | strengthen your wands. [potion of mutation]
   560 | D:2      | Noticed Jessica
   708 | D:2      | Killed Terence
   708 | D:2      | Gained mutation: Your natural rate of healing is unusually
                  | fast. [Vine Stalker growth]
   708 | D:2      | Reached XP level 4. HP: 16/23 MP: 3/8
   767 | D:2      | Learned a level 3 spell: Confuse
   894 | D:2      | Killed Jessica
  1041 | D:3      | Reached XP level 5. HP: 26/26 MP: 3/9
  1201 | D:3      | Reached skill level 5 in Stealth
  1352 | D:4      | Noticed a phantom
  1489 | D:4      | Found Turenec's Assorted Antiques.
  1494 | D:4      | Bought a bubbling grey potion for 23 gold pieces
  1494 | D:4      | Bought a scroll labeled LESUVUXURI for 26 gold pieces
  1548 | D:4      | Noticed an ogre
  1550 | D:4      | Killed an ogre
  1550 | D:4      | Reached XP level 6. HP: 30/30 MP: 10/10
  1698 | D:4      | Noticed Eustachio
  1780 | D:4      | Killed Eustachio
  1780 | D:4      | Reached skill level 6 in Stealth
  1780 | D:4      | Reached XP level 7. HP: 30/35 MP: 6/11
  1889 | D:5      | Entered Level 5 of the Dungeon
  1900 | D:5      | Reached skill level 5 in Hexes
  2334 | D:5      | Found a hazy altar of Hepliaklqana.
  2351 | D:5      | Reached skill level 7 in Stealth
  2589 | D:6      | Gained mutation: You have razor-sharp teeth. [Vine Stalker
                  | growth]
  2589 | D:6      | Reached XP level 8. HP: 39/39 MP: 13/13
  2704 | D:7      | Reached skill level 1 in Fighting
  2718 | D:7      | Got a smoking ring mail
  2736 | D:7      | Identified the +3 ring mail of Tomik {Dex+4} (You found it
                  | on level 7 of the Dungeon)
  2744 | D:7      | Learned a level 3 spell: Tukima's Dance
  2871 | D:7      | Reached skill level 5 in Short Blades
  2871 | D:7      | Reached skill level 8 in Stealth
  2935 | D:7      | Found a staircase to the Ecumenical Temple.
  2963 | Temple   | Entered the Ecumenical Temple
  3018 | Temple   | Became a worshipper of Warmaster Okawaru
  3080 | D:7      | Noticed Dowan
  3081 | D:7      | Noticed Duvessa
  3083 | D:7      | Noticed a hippogriff
  3093 | D:7      | Killed Duvessa
  3159 | D:8      | Noticed Erica
  3177 | D:8      | Found a white marble altar of Elyvilon.
  3269 | D:8      | Reached XP level 9. HP: 40/48 MP: 6/14
  3378 | D:8      | Killed Erica
  3378 | D:8      | Reached * piety under Okawaru
  3378 | D:8      | Reached skill level 9 in Stealth
  3676 | D:8      | Reached skill level 5 in Fighting
  3709 | D:9      | Reached ** piety under Okawaru
  3861 | D:9      | Noticed Maurice
  3928 | D:9      | Noticed a deep elf mage
  3958 | D:9      | HP: 1/51 [hell rat[a deep elf mage] (4)]
  3964 | D:9      | HP: 2/51 [poisoned by a scorpion]
  3976 | D:9      | Mangled by a hell rat

Levels and vault maps discovered:
D:1:      dpeg_arrival_simpleton_c, layout_loops_ring
D:2:      layout_loops_ring, uniq_terence, uniq_jessica
D:3:      layout_basic, first_ration, minmay_randomly_rotated_circles
D:4:      layout_basic, serial_shops, kennysheep_little_box, uniq_eustachio
D:5:      layout_basic, nicolae_overflow_crystal_walls, kennysheep_mini
D:6:      layout_basic
D:7:      layout_rooms, marbit_many_paths, temple_green, feat_on_display,
          uniq_duvessa
D:8:      layout_basic, elyvilon_altar_1, uniq_erica
D:9:      layout_basic, cheibriados_altar_1, grunt_livestock,
          guppyfry_early_elven_hall, uniq_maurice
Temple:   regret_index_temple_mists

Skill      XL: |  1  2  3  4  5  6  7  8  9 |
---------------+----------------------------+-----
Short Blades   | 1 2 3 4 5 6 |  6.3
Ice Magic      | 1 2 |  2.5
Stealth        | 4 5 6 7 8 9 |  9.7
Hexes          | 4 5 6 |  6.6
Spellcasting   | 3 |  3.1
Fighting       | 3 5 |  5.4
Dodging        | |  1.7

Action                   |  1- 3 |  4- 6 |  7- 9 || total
-------------------------+-------+-------+-------++-------
Melee: Dagger            |    68 |    57 |   227 ||   352
       Bite              |     5 |    10 |    68 ||    83
 Cast: Corona            |    11 |       |       ||    11
       Ensorcelled Hiber |     6 |    30 |    58 ||    94
       Confuse           |       |     3 |    22 ||    25
       Tukima's Dance    |       |       |     4 ||     4
Invok: Heroism           |       |       |     1 ||     1
Evoke: Wand              |       |       |     1 ||     1
  Use: Scroll            |     7 |     3 |    12 ||    22
       Potion            |     2 |       |     3 ||     5
 Stab: Sleeping          |    15 |    25 |    41 ||    81
       Confused          |       |     1 |     6 ||     7
       Invisible         |       |       |     4 ||     4
  Eat: Chunk             |       |     5 |    12 ||    17
Armor: Robe              |    11 |    12 |     1 ||    24
       Skin              |     8 |       |       ||     8
       Ring mail         |       |       |    62 ||    62
Dodge: Dodged            |    30 |    31 |   118 ||   179

Table legend:
 A = Non-vault XP
 B = Vault XP
 C = Vault XP percentage of total XP
 D = Non-vault monster count
 E = Vault monster count
 F = Vault count percentage of total count
                 A         B        C        D         E       F
            +---------+---------+-------+---------+---------+-------
      Total |    3208 |    1231 |  27.7 |     115 |      10 |   8.0
            +---------+---------+-------+---------+---------+-------
        D:1 |       9 |       0 |   0.0 |       7 |       0 |   0.0
        D:2 |      54 |      73 |  57.5 |      23 |       2 |   8.0
        D:3 |      49 |      54 |  52.4 |      11 |       5 |  31.2
        D:4 |     414 |     203 |  32.9 |      15 |       1 |   6.2
        D:5 |     331 |       0 |   0.0 |       9 |       0 |   0.0
        D:6 |     245 |       0 |   0.0 |       4 |       0 |   0.0
        D:7 |     542 |     142 |  20.8 |      13 |       1 |   7.1
        D:8 |     913 |     759 |  45.4 |      23 |       1 |   4.2
        D:9 |     651 |       0 |   0.0 |      10 |       0 |   0.0
            +---------+---------+-------+---------+---------+-------
